 Dungeon Sprint DCSS version 0.17-a0-1635-gd4e48f1 (webtiles) character file.

1337 Kidiri the Covert (level 8, -11/36 HPs)
             Began as a Spriggan Enchanter on Aug 4, 2015.
             Mangled by a skeletal warrior
             ... wielding a cursed -3 short sword
              (19 damage)
             ... in the Dungeon (Sprint II: "The Violet Keep of Menkaure").
             The game lasted 00:11:50 (1264 turns).

Kidiri the Covert (Spriggan Enchanter)              Turns: 1264, Time: 00:11:50

Health: -11/36     AC:  7    Str:  4    XL:     8   Next: 35%
Magic:  12/23      EV: 28    Int: 18    God:
Gold:   171        SH:  0    Dex: 17    Spells: 9 memorised, 2 levels left

rFire  . . .     SeeInvis +     a - +1 dagger
rCold  + . .     Clarity  .     k - +2 robe of the Frog {rC+ Regen+}
rNeg   . . .     SustAt   .     (shield restricted)
rPois  +         Gourm    .     (helmet restricted)
rElec  .         Spirit   .     i - +2 cloak {rPois}
rCorr  .         Warding  .     (gloves unavailable)
rMut   .         NoTele   +     (boots unavailable)
MR     +....                    (no amulet)
Stlth  ++++++....               (no ring)
                                (no ring)

@: very quick, somewhat resistant to hostile enchantments, very stealthy
A: unfitting armour, see invisible, herbivore 3, speed 3, slow metabolism 2
a: no special abilities


You were in the Dungeon.
You were not hungry.

You visited 1 branch You collected 972 gold pieces.
You spent 801 gold pieces at shops.

Inventory:

Hand weapons
 a - a +1 dagger (weapon)
Armour
 b - a +1 robe
 i - a +2 cloak of poison resistance (worn)
 k - the +2 robe of the Frog (worn) {rC+ Regen+}
   (You bought it in a shop in the Dungeon)

   It protects you from cold.
   It increases your rate of regeneration.
Scrolls
 j - a scroll of blinking
Potions
 e - a potion of curing
 g - a potion of haste
Books
 c - a book of Maledictions

   Spells                             Type                      Level
   a - Corona                         Hexes                        1
   b - Ensorcelled Hibernation        Hexes/Ice                    2
   c - Confuse                        Hexes                        3
   d - Tukima's Dance                 Hexes                        3
   e - Dazzling Spray                 Conjuration/Hexes            3
 l - the Collected Works on Unstable Clay
   (You bought it in a shop in the Dungeon)

   Spells                             Type                      Level
   a - Stone Arrow                    Conjuration/Earth            3
   b - Passwall                       Transmutation/Earth          3
   c - Leda's Liquefaction            Hexes/Earth                  4
   d - Petrify                        Transmutation/Earth          4
   e - Lee's Rapid Deconstruction     Earth                        5
Comestibles
 d - a bread ration


   Skills:
 + Level 6.7 Short Blades
 * Level 12.4 Dodging
 * Level 13.8 Stealth
 * Level 10.8 Spellcasting
 + Level 2.7 Conjurations
 + Level 8.4 Hexes
 + Level 2.2 Transmutations
 + Level 3.0 Ice Magic
 + Level 1.3 Earth Magic


You had 2 spell levels left.
You knew the following spells:

 Your Spells              Type           Power        Failure   Level  Hunger
a - Corona                Hex            #####..      1%          1    None
b - Ensorcelled Hibernat  Hex/Ice        ####..       1%          2    None
c - Confuse               Hex            #####...     1%          3    None
d - Tukima's Dance        Hex            #####...     1%          3    None
e - Dazzling Spray        Conj/Hex       ####....     2%          3    None
f - Passwall              Trmt/Erth      ###.......   14%         3    None
g - Stone Arrow           Conj/Erth      ###...       12%         3    None
h - Leda's Liquefaction   Hex/Erth       ####......   12%         4    ##.....
i - Petrify               Trmt/Erth      ###.....     41%         4    ##.....


Dungeon Overview and Level Annotations

Branches:
Dungeon (1/1)

Altars:
Dithmenos
Gozag
Makhleb
Qazlal
Trog
Vehumet

Shops:
D ::%![[==*(([!=}?

Annotations:
D exclusion: oklob plant, Kirke


Innate Abilities, Weirdness & Mutations

You are tiny and cannot use many weapons and most armour.
You have supernaturally acute eyesight.
You are a herbivore.
You cover ground extremely quickly.
You need consume almost no food.


Message History

Adjust (i)tems, (s)pells, or (a)bilities?
Huh?
There isn't anything here!
Unknown command.
Unknown command.
Casting: Confuse
Confirm with . or Enter, or press ? or * to list all spells.
Aiming: Confuse
Press: ? - help, Shift-Dir - straight line, f/p - skeletal warrior
Aim: a skeletal warrior, wielding an enchanted short sword (chance to defeat MR: 8%)
The skeletal warrior resists with almost no effort.
The lava snake hisses angrily. x2
You are too injured to fight recklessly!
You are too injured to fight recklessly!
You are too injured to fight recklessly!
You are too injured to fight recklessly!
You closely miss the skeletal warrior.
The skeletal warrior hits you with an enchanted short sword!!
Ouch! That really hurt!
You die... ...∩.∩..#≈##.###'###.##..# ..∩.∩...#≈#...##.##.#.#..# .∩.∩....+≈+.#)'.<.'###'..### ∩.∩.....#≈#...##.##.#.#w**.###.. ▓▓▓▓▓▓###≈##.###'###.##.*****X≈≈≈ [HH######≈≈####.#.####§≈.**§*w#+# %HJ#HH

##≈≈≈#.c#..#≈≈≈≈≈≈≈*.≈#..
∩PJ+H$#+ #+#≈##z#.##≈≈§≈§§≈≈≈≈#..
[$.#?##§##(#≈≈##@##≈≈≈≈§§§≈≈≈≈#._
[..###§§§####≈≈≈≈≈≈≈≈≈≈§§§§≈≈≈#_.
#+###.§.. #+++#+++#≈§§≈≈§§≈≈#._
≈§S§≈ ##≈≈≈###≈≈#_ ≈≈§S§§§§≈##≈≈#
≈§# +≈≈§§§§§≈§≈≈+§≈#
##≈≈§§§≈§≈≈## §≈≈ ##§§≈§§§≈## ##
####+####


You could see a yaktaur captain, a skeletal warrior and 2 lava snakes.

Vanquished Creatures
  A siren (D)
  2 boulder beetles (D)
  2 flying skulls (D)
  2 hippogriffs (D)
  A crocodile (D)
  A hell rat (D)
  4 worker ants (D)
13 creatures vanquished.

Vanquished Creatures (others)
  32 tentacles (D)
  447 tentacle segments (D)
479 creatures vanquished.

Grand Total: 492 creatures vanquished

Notes
Turn   | Place    | Note
--------------------------------------------------------------
     0 | D        | Kidiri the Spriggan Enchanter began the quest for the Orb.
     0 | D        | Reached XP level 1. HP: 9/9 MP: 5/5
     1 | D        | Noticed a boulder beetle
     1 | D        | Noticed a boulder beetle
     5 | D        | Noticed a hippogriff
     5 | D        | Noticed a hippogriff
     9 | D        | Noticed a worker ant
     9 | D        | Noticed a worker ant
    13 | D        | Noticed a siren
    25 | D        | Killed a siren
    25 | D        | Reached skill level 5 in Short Blades
    25 | D        | Reached skill level 10 in Dodging
    25 | D        | Reached skill level 11 in Stealth
    25 | D        | Reached XP level 2. HP: 13/13 MP: 5/12
    25 | D        | Reached XP level 3. HP: 16/16 MP: 5/14
    25 | D        | Reached XP level 4. HP: 20/21 MP: 5/15
    25 | D        | Reached XP level 5. HP: 23/24 MP: 5/17
    25 | D        | Reached XP level 6. HP: 26/28 MP: 5/18
    35 | D        | Learned a level 2 spell: Ensorcelled Hibernation
    39 | D        | Learned a level 3 spell: Confuse
    43 | D        | Learned a level 3 spell: Tukima's Dance
    47 | D        | Learned a level 3 spell: Dazzling Spray
   135 | D        | Noticed a worker ant
   135 | D        | Noticed a worker ant
   136 | D        | Killed a worker ant
   137 | D        | Killed a worker ant
   139 | D        | Killed a worker ant
   143 | D        | Killed a worker ant
   143 | D        | Reached skill level 1 in Ice Magic
   167 | D        | Killed a hippogriff
   167 | D        | Reached skill level 12 in Stealth
   167 | D        | Reached skill level 1 in Conjurations
   167 | D        | Reached XP level 7. HP: 32/32 MP: 15/20
   169 | D        | Killed a hippogriff
   497 | D        | Killed a boulder beetle
   497 | D        | Reached skill level 10 in Spellcasting
   519 | D        | Killed a boulder beetle
   519 | D        | Reached skill level 13 in Stealth
   650 | D        | Noticed a flying skull
   650 | D        | Noticed a flying skull
   651 | D        | Noticed a flying skull
   651 | D        | Noticed a flying skull
   651 | D        | Noticed a flying skull
   651 | D        | Noticed a flying skull
   651 | D        | Noticed a flying skull
   652 | D        | Noticed a flying skull
   652 | D        | Noticed a flying skull
   652 | D        | Noticed a kraken
   653 | D        | Noticed Kirke
   653 | D        | Noticed a skeletal warrior
   653 | D        | Noticed a kobold demonologist
   656 | D        | Noticed a flying skull
   657 | D        | Noticed a flying skull
   670 | D        | Noticed a kraken
   684 | D        | Found Ephorron's Magic Scroll Emporium.
   684 | D        | Found Gaakkik's Distillery.
   684 | D        | Found Ehiss's Gadget Shoppe.
   684 | D        | Found Irill's Armour Emporium.
   685 | D        | Found Jintait's Jewellery Emporium.
   685 | D        | Found Road's Antique Weapon Shoppe.
   685 | D        | Found Qauschez's Assorted Antiques.
   685 | D        | Found Ucwacrer's Jewellery Shoppe.
   686 | D        | Found Ipnaodoi's Jewellery Emporium.
   686 | D        | Found Maskoh's Antique Armour Shoppe.
   686 | D        | Found Ojalawk's Antique Armour Shoppe.
   686 | D        | Noticed a hippogriff
   688 | D        | Found Dunlolew's Antique Weapon Emporium.
   688 | D        | Noticed a hippogriff
   689 | D        | Found Teuredd's Distillery.
   689 | D        | Found Xauwutoi's Food Emporium.
   689 | D        | Noticed a hippogriff
   689 | D        | Noticed an oklob plant
   690 | D        | Found Ilar Iga's Book Shoppe.
   690 | D        | Found Bycal's Book Shoppe.
   692 | D        | Noticed a slime creature
   693 | D        | Noticed a slime creature
   693 | D        | Noticed a slime creature
   695 | D        | Noticed a griffon
   695 | D        | Noticed a griffon
   698 | D        | Noticed a griffon
   724 | D        | Bought a glowing cloak for 126 gold pieces
   724 | D        | Bought a heavy robe for 159 gold pieces
   734 | D        | Identified the +2 robe of the Frog {rC+ Regen+} (You bought it in a shop in the Dungeon)
   752 | D        | Bought the Collected Works on Unstable Clay for 516 gold pieces
   756 | D        | Learned a level 3 spell: Passwall
   760 | D        | Learned a level 3 spell: Stone Arrow
   765 | D        | Learned a level 4 spell: Leda's Liquefaction
   770 | D        | Learned a level 4 spell: Petrify
   789 | D        | Noticed a hell rat
   791 | D        | Killed a hell rat
   804 | D        | Noticed a lava snake
   805 | D        | Noticed a lava snake
   805 | D        | Noticed a lava snake
   806 | D        | Noticed a lava snake
   840 | D        | Found a shadowy altar of Dithmenos.
   840 | D        | Found a radiant altar of Vehumet.
   859 | D        | Killed a crocodile
   859 | D        | Reached XP level 8. HP: 23/36 MP: 20/23
   897 | D        | Found a burning altar of Makhleb.
   897 | D        | Found a bloodstained altar of Trog.
   898 | D        | Found an opulent altar of Gozag.
   898 | D        | Found a stormy altar of Qazlal.
  1174 | D        | Noticed a flying skull
  1223 | D        | Noticed a yaktaur captain
  1224 | D        | Noticed a yak
  1224 | D        | Noticed a yak
  1227 | D        | Noticed a centaur warrior
  1245 | D        | Killed a flying skull
  1245 | D        | Reached skill level 1 in Transmutations
  1245 | D        | Reached skill level 1 in Earth Magic
  1249 | D        | Killed a flying skull
  1264 | D        | Mangled by a skeletal warrior

Vault maps used:
D:        the_violet_keep_of_menkaure

Action                   |  1- 3 |  4- 6 |  7- 9 || total
-------------------------+-------+-------+-------++-------
Melee: Dagger            |     8 |     6 |    23 ||    37
 Cast: Ensorcelled Hiber |       |     3 |    13 ||    16
       Confuse           |       |       |    28 ||    28
       Dazzling Spray    |       |       |     8 ||     8
       Stone Arrow       |       |       |     2 ||     2
  Use: Potion            |     1 |       |     3 ||     4
 Stab: Sleeping          |       |     5 |     5 ||    10
       Invisible         |       |       |     3 ||     3
       Confused          |       |       |     2 ||     2
